[ AOE2 MATCH · #506460521 ]
UnrankedVietnamese vs Muisca
Player's team · LOSS
Rival team · WIN
[ REPLAY ANALYSIS · EXTRACTED FROM THE RECORDED GAME ]
Feudal
—
Castle
—
Imperial
—
| APM avg | 59.7 |
| APM peak | 122 |
| eAPM avg | 16.8 |
| Villagers / military | 25 / 0 |
Focus
⚔️ 18.0% · 🌾 82.0%
Feudal
—
Castle
—
Imperial
—
| APM avg | 51.5 |
| APM peak | 103 |
| eAPM avg | 22.4 |
| Villagers / military | 50 / 0 |
Focus
⚔️ 15.7% · 🌾 84.3%
Match map
Initial resources + every placement click. Lines = walls · curves = elevation contours. ◆ gold · ⬟ stone · ● berries · ✦ relic · ◌ wall gap
Your base· Open — unwalled flank
Rema Rema tu Bota's base· Open — unwalled flank
Smoothed initial terrain · ◌ = detected wall gap · hover for details
Inputs per minute
— DS_MD - - Rema Rema tu Bota
Build order — DS_MD
38 actions detected in the replay
| 0:00 | Queue | Villager (Male) |
| 0:00 | Queue | Villager (Male) |
| 0:01 | Queue | Villager (Male) |
| 0:02 | Build | House |
| 0:03 | Build | House |
| 0:22 | Queue | Villager (Male) |
| 1:35 | Queue | Villager (Male) |
| 1:59 | Queue | Villager (Male) |
| 1:59 | Queue | Villager (Male) |
| 2:35 | Queue | Villager (Male) |
| 2:35 | Queue | Villager (Male) |
| 2:59 | Queue | Villager (Male) |
| 2:59 | Queue | Villager (Male) |
| 3:21 | Build | Lumber Camp |
| 3:27 | Queue | Villager (Male) |
| 3:27 | Queue | Villager (Male) |
| 3:45 | Build | Mill |
| 3:55 | Research | Loom |
| 4:03 | Build | Mill |
| 5:23 | Build | House |
| 5:48 | Queue | Villager (Male) |
| 5:49 | Queue | Villager (Male) |
| 6:16 | Queue | Villager (Male) |
| 6:30 | Queue | Villager (Male) |
| 6:53 | Queue | Villager (Male) |
| 7:27 | Build | Town Center |
| 7:38 | Build | Palisade Wall |
| 7:39 | Build | Palisade Wall |
| 8:05 | Build | House |
| 8:33 | Queue | Villager (Male) |
| 8:48 | Queue | Villager (Male) |
| 9:31 | Queue | Villager (Male) |
| 9:31 | Queue | Villager (Male) |
| 10:55 | Queue | Villager (Male) |
| 10:55 | Queue | Villager (Male) |
| 11:37 | Queue | Villager (Male) |
| 13:08 | Build | House |
| 13:09 | Build | House |
Build order — Rema Rema tu Bota
63 actions detected in the replay
| 0:01 | Queue | Villager (Male) |
| 0:01 | Queue | Villager (Male) |
| 0:02 | Build | House |
| 0:03 | Build | House |
| 0:08 | Queue | Villager (Male) |
| 0:15 | Queue | Villager (Male) |
| 1:28 | Queue | Villager (Male) |
| 1:28 | Queue | Villager (Male) |
| 1:47 | Build | Settlement |
| 2:03 | Queue | Villager (Male) |
| 2:03 | Queue | Villager (Male) |
| 2:20 | Queue | Villager (Male) |
| 2:55 | Queue | Villager (Male) |
| 2:55 | Queue | Villager (Male) |
| 3:08 | Queue | Villager (Male) |
| 3:08 | Queue | Villager (Male) |
| 3:32 | Queue | Villager (Male) |
| 3:59 | Queue | Villager (Male) |
| 3:59 | Queue | Villager (Male) |
| 4:33 | Queue | Villager (Male) |
| 4:58 | Queue | Villager (Male) |
| 5:07 | Build | Settlement |
| 5:11 | Queue | Villager (Male) |
| 5:41 | Queue | Villager (Male) |
| 5:54 | Research | Loom |
| 5:56 | Queue | Villager (Male) |
| 5:57 | Research | Loom |
| 6:11 | Build | Settlement |
| 6:17 | Queue | Villager (Male) |
| 6:50 | Queue | Villager (Male) |
| 7:20 | Queue | Villager (Male) |
| 7:26 | Queue | Villager (Male) |
| 7:33 | Queue | Villager (Male) |
| 7:41 | Queue | Villager (Male) |
| 7:51 | Queue | Villager (Male) |
| 8:07 | Queue | Villager (Male) |
| 8:30 | Queue | Villager (Male) |
| 8:46 | Queue | Villager (Male) |
| 9:02 | Build | House |
| 9:04 | Queue | Villager (Male) |
| 9:11 | Queue | Villager (Male) |
| 9:20 | Queue | Villager (Male) |
| 9:28 | Queue | Villager (Male) |
| 9:30 | Build | House |
| 9:32 | Queue | Villager (Male) |
| 9:39 | Queue | Villager (Male) |
| 9:45 | Queue | Villager (Male) |
| 9:54 | Build | House |
| 9:55 | Build | Palisade Wall |
| 9:57 | Build | Palisade Wall |
| 9:58 | Queue | Villager (Male) |
| 10:04 | Build | House |
| 10:14 | Queue | Villager (Male) |
| 10:31 | Queue | Villager (Male) |
| 10:53 | Queue | Villager (Male) |
| 11:13 | Queue | Villager (Male) |
| 12:00 | Queue | Villager (Male) |
| 12:13 | Queue | Villager (Male) |
| 12:25 | Queue | Villager (Male) |
| 12:33 | Queue | Villager (Male) |
| 12:48 | Queue | Villager (Male) |
| 12:52 | Queue | Villager (Male) |
| 12:53 | Queue | Villager (Male) |
Match timeline
| 7:38 | DS_MD · wall_segment Palisade Wall x1 |
| 7:39 | DS_MD · wall_segment Palisade Wall x1 |
| 9:55 | Rema Rema tu Bota · wall_segment Palisade Wall x1 |
| 9:57 | Rema Rema tu Bota · wall_segment Palisade Wall x1 |
| 14:00 | DS_MD · resign |
[ AI ANALYSIS · 1 CREDIT ]
What really happened in this match?
Wolo.gg analyzes every decision: build order, eco, micro, common mistakes by bracket. Personalized analysis on WhatsApp or Discord in 30 seconds.
Civ guide
Vietnamese
Perfil
Jugador #2457324